 Dungeon Crawl Stone Soup version 0.29.0-11-gd7f09526c8 (webtiles) character file.

Game seed: 9455720909237758104

3 greasedhog the Magician (level 1, 0/10 HPs)
             Began as a Kobold Hedge Wizard on Sept 6, 2022.
             Slain by a goblin
             ... wielding a +0 dagger
              (1 damage)
             ... on level 1 of the Dungeon.
             The game lasted 00:00:25 (128 turns).

greasedhog the Magician (Kobold Hedge Wizard)        Turns: 128, Time: 00:00:25

Health: 0/10       AC:  3    Str:  7    XL:     1   Next: 55%
Magic:  4/4        EV: 14    Int: 15    God:
Gold:   0          SH:  0    Dex: 14    Spells: 5/6 levels left

rFire   . . .      SeeInvis .   a - +0 dagger
rCold   . . .      Faith    .   (no shield)
rNeg    . . .      Spirit   .   f - +0 leather armour
rPois   .          Reflect  .   c - +0 hat
rElec   .          Harm     .   (no cloak)
rCorr   .          Rampage  .   (no gloves)
Will    .....                   (no boots)
Stlth   +++.......              (no amulet)
HPRegen 0.03/turn               (no ring)
MPRegen 0.09/turn               (no ring)

@: no status effects
A: small, no large weapons, nightstalker 3
a: no special abilities


You were on level 1 of the Dungeon.
You visited 1 branch of the dungeon, and saw 1 of its levels.

Inventory:

Hand Weapons
 a - a +0 dagger (weapon)
Armour
 c - a +0 hat (worn)
 f - a +0 leather armour (worn)
Potions
 d - a potion of magic
 e - a potion of lignification {unknown}


   Skills:
 * Level 0.8 Short Blades
 - Level 2.4 Dodging
 * Level 3.0 Stealth
 - Level 3.2 Spellcasting
 - Level 1.0 Conjurations
 - Level 1.0 Summonings
 - Level 1.0 Translocations


You had 5 spell levels left.
You knew the following spells:

 Your Spells              Type           Power      Damage    Failure   Level
a - Magic Dart            Conj           20%        1d4       21%         1

Your spell library contained the following spells:

 Spells                   Type           Power      Damage    Failure   Level
 Slow                     Hex            8%         N/A       30%         1
 Blink                    Tloc           10%        N/A       30%         2
 Call Imp                 Summ           5%         N/A       30%         2
 Conjure Flame            Conj/Fire      3%         6-21      58%         3
 Mephitic Cloud           Conj/Pois/Air  3%         N/A       61%         3


Dungeon Overview and Level Annotations

Branches:
Dungeon (1/15)

Altars:


Innate Abilities, Weirdness & Mutations

You are small and have problems with some larger weapons.
You are completely attuned to the shadows.


Message History

You are too injured to fight recklessly!
You are too injured to fight recklessly!
You hit the ball python.
You kill the ball python!
Your Stealth skill increases to level 3!
You see here a ball python corpse.
You start resting.
A goblin comes into view. It is wielding a +0 dagger.
The goblin misses you.
You hit the goblin but do no damage. The goblin barely misses you.
You hit the goblin but do no damage.
A hobgoblin comes into view.
The goblin hits you but does no damage.
The hobgoblin shouts!
You hit the goblin.
The goblin is moderately wounded.
The goblin hits you with a +0 dagger.
You hit the goblin.
The goblin is almost dead.
The goblin closely misses you.
You barely miss the goblin.
The goblin is almost dead.
The goblin completely misses you.
You completely miss the goblin.
The goblin is almost dead.
The goblin completely misses you.
You closely miss the goblin.
The goblin is almost dead.
The goblin hits you with a +0 dagger.
* * * LOW HITPOINT WARNING * * *
You hit the goblin.
The goblin is almost dead.
The goblin barely misses you. The goblin attacks as you move away!
The goblin barely misses you.
You see here a ball python corpse.
The goblin attacks as you move away! The goblin misses you.
You barely miss the goblin.
The goblin is almost dead.
The goblin hits you with a +0 dagger.
You die...

..#....≈....#.## ##...⌠
....(#...#....# #.....
.≈.≈.......≈.#####...⌠.
.................#<....
#.#.....#######.##...⌠.
#(####..# #.##.....
..)...# #.###...⌠
####.## #...'.... #@#
######... #g# #### #g#
# #.# #.# #...g. .....#
#...#.. .....##


You could see a hobgoblin and a goblin.

Vanquished Creatures
  A ball python (D:1)
  A hobgoblin (D:1)
  A kobold (D:1)
3 creatures vanquished.

Notes
Turn   | Place    | Note
-------+----------+-------------------------------------------
     0 | D:1      | greasedhog the Kobold Hedge Wizard began the quest for the
                  | Orb.
     0 | D:1      | Reached XP level 1. HP: 10/10 MP: 4/4
   128 | D:1      | Slain by a goblin

Illustrated notes

Levels and vault maps discovered:
D:1:      dpeg_arrival_stone_temple_mockup, layout_loops_corners,
          nicolae_ecumenical_snake_handling, nicolae_kite_square_tiling_tiny,
          minmay_misc_feat_cross

Skill      XL: |  1 |
---------------+----+-----
Stealth        | 3 |  3.0
Short Blades   | |  0.8
Dodging        | |  2.4
Spellcasting   | |  3.2
Conjurations   | |  1.0
Summonings     | |  1.0
Translocations | |  1.0

Action                   || total
-------------------------++-------
Melee: Dagger            ||    15
  Use: Scroll            ||     1
 Stab: Sleeping          ||     2
Armor: Leather armour    ||     1
Dodge: Dodged            ||    11
